Map: Dusk Towers

Players

PandaBearMe - Winner!

  • Race: Zerg Zerg
  • League: Grandmaster

Pokebunny

  • Race: Terran Terran
  • League: Grandmaster

VOD

Have the link to the VOD?

Description

Time

  • Played on: April 7, 2016, 9:14 p.m.
  • Length: 5:48
Show
View Real Time Build Order
Export as new Build Order

PandaBearMe Zerg - Winner!

Build Orders: Hatch First 

Get SALT Encoding   

  12  0:02  Drone  
  13  0:13  Overlord  
  13  0:18  Drone  
  14  0:32  Drone x2  
  16  0:50  Hatchery  
  16  0:51  Drone  
  16  0:55  Drone  
  17  0:59  Drone  
  17  1:03  Extractor  
  17  1:15  Spawning Pool  
  17  1:17  Drone  
  17  1:20  Drone  
  18  1:28  Drone  
  19  1:43  Drone  
  20  1:49  Overlord  
  20  2:03  Queen x2  
  20  2:04  Metabolic Boost  
  25  2:08  Zergling x4  
  25  2:12  Drone  
  25  2:15  Drone  
  28  2:22  Drone  
  29  2:23  Drone  
  29  2:38  Drone  
  29  2:41  Queen  
  29  2:44  Overlord  
  34  2:46  Drone  
  33  3:00  Overlord  
  33  3:02  Drone x2  
  35  3:07  Drone x2  
  37  3:16  Overlord, Drone x4  
  37  3:18  Extractor  
  37  3:19  Extractor  
  40  3:20  Drone  
  40  3:24  Drone x2, Roach Warren  
  41  3:34  Drone  
  41  3:35  Drone  
  43  3:44  Overlord  
  43  3:48  Overlord  
  43  4:04  Roach  
  43  4:05  Roach x5  
  55  4:13  Roach  
  55  4:16  Roach x2  
  55  4:17  Roach  
  63  4:22  Zergling x2  
  63  4:23  Zergling x2  
  65  4:24  Zergling x2  
  65  4:25  Zergling x2  
  65  4:29  Hatchery  
  65  4:30  Zergling x4  
  68  4:38  Overlord  
  68  4:39  Zergling x2  
  69  4:47  Zergling x2  
  69  4:48  Zergling x4  
  69  4:49  Overlord  
  72  4:53  Zergling x2  
  72  4:58  Zergling x6  
  76  5:00  Ravager x3  
  76  5:01  Ravager x3  
  76  5:02  Zergling x2  
  83  5:13  Roach  
  85  5:15  Ravager x2  
  87  5:23  Zergling x8  
  87  5:24  Zergling x2  
Show
View Real Time Build Order
Export as new Build Order

Pokebunny Terran 

Build Orders: Reaper Expand 

Get SALT Encoding   

  12  0:00  SCV  
  13  0:12  SCV  
  14  0:18  Supply Depot  
  14  0:25  SCV  
  15  0:39  SCV  
  15  0:42  Barracks  
  16  0:44  Refinery  
  16  0:51  SCV  
  17  1:03  SCV  
  18  1:15  SCV  
  19  1:28  Orbital Command  
  19  1:29  Reaper  
  20  1:39  Command Center  
  20  1:49  Supply Depot  
  20  1:54  SCV  
  21  2:01  Reaper  
  21  2:06  SCV  
  23  2:21  Command Center  
  23  2:24  SCV  
  24  2:36  SCV  
  25  2:37  Barracks Reactor  
  25  2:40  Refinery  
  25  2:44  Barracks  
  25  2:48  SCV  
  26  2:52  Orbital Command  
  26  3:03  SCV  
  26  3:04  Barracks  
  27  3:13  Marine  
  27  3:14  Marine  
  27  3:16  SCV  
  27  3:18  SCV  
  31  3:23  Factory  
  31  3:32  Barracks Tech Lab, Marine  
  31  3:33  Marine  
  32  3:36  Orbital Command  
  32  3:40  SCV  
  33  3:42  SCV  
  34  3:52  Marine x2  
  34  3:53  Marine  
  38  3:59  SCV x2  
  38  4:02  Barracks Reactor  
  39  4:04  SCV  
  39  4:08  Starport  
  39  4:09  Factory Reactor  
  39  4:11  SCV  
  39  4:13  Refinery  
  39  4:14  Refinery  
  39  4:15  SCV  
  41  4:17  Marine  
  41  4:18  Marine  
  41  4:19  Marine  
  44  4:25  SCV  
  44  4:26  SCV  
  44  4:27  SCV  
  47  4:33  Engineering Bay  
  47  4:35  Engineering Bay  
  47  4:36  Supply Depot  
  47  4:38  Marine x2  
  47  4:43  SCV x2  
  47  4:44  Marine  
  52  4:47  Marine  
  52  4:48  Marine  
  52  4:51  Medivac  
  56  4:53  Medivac  
  56  4:55  Factory Tech Lab  
  58  5:03  Marine  
  58  5:07  Supply Depot  
  59  5:09  SCV x2  
  59  5:10  SCV  
  59  5:12  Marine x2  
  59  5:14  Marine  
  64  5:17  Marine  
  64  5:21  Supply Depot  
Tags
 
Add a new tag
Caveats
  • Supply blocks, unpowered buildings, or Contaminate may cause inaccurate times.
  • Supply counts are checked every 10 seconds.